 Dungeon Crawl Stone Soup version 0.31-a0-190-g4feb4907b2 (webtiles) character file.

Game seed: 13479816358342701876

838 qw the Skirmisher (level 7, -2/40 HPs)
             Began as a Deep Elf Hunter on June 23, 2023.
             Slain by a gnoll sergeant
             ... wielding a +0 trident
              (6 damage)
             ... on level 5 of the Dungeon.
             The game lasted 00:01:44 (4204 turns).

qw the Skirmisher (Deep Elf Hunter)                 Turns: 4204, Time: 00:01:45

Health: -2/40      AC:  9    Str: 10    XL:     7   Next: 67%
Magic:  9/9        EV: 16    Int: 14    God:
Gold:   310        SH:  0    Dex: 18    Spells: 6/6 levels left

rFire   . . .        Y - +0 shortbow
rCold   . . .        (shield currently unavailable)
rNeg    . . .        e - +3 ring mail
rPois   .            (no helmet)
rElec   .            (no cloak)
rCorr   .            i - +0 pair of gloves
SInv    .            (no boots)
Will    .....        (no amulet)
Stlth   +            f - +5 ring of evasion
HPRegen 0.26/turn    a - +4 ring of slaying {mikee}
MPRegen 0.11/turn

%: no passive effects
@: about to teleport
A: no striking features
a: no special abilities


You were on level 5 of the Dungeon.
You visited 1 branch of the dungeon, and saw 5 of its levels.
You also visited: Sewer.

You collected 310 gold pieces.


   Skills:
 - Level 2.2 Fighting
 + Level 11.8 Ranged Weapons
 - Level 1.1 Armour
 - Level 3.0 Dodging
 - Level 1.2 Stealth


You had 6 spell levels left.
You didn't know any spells.
Your spell library was empty.

Inventory:

Hand Weapons
 Y - a +0 shortbow (weapon)
Armour
 e - a +3 ring mail (worn)
 i - a +0 pair of gloves (worn)
Jewellery
 a - a +4 ring of slaying (right hand) {mikee}
 f - a +5 ring of evasion (left hand)
Scrolls
 c - a scroll of acquirement {unknown}
 k - 2 scrolls of identify
 l - a scroll of fear {unknown}
Potions
 b - a potion of haste {unknown}
 d - a potion of curing
 h - a potion of enlightenment {unknown}
 j - a potion of resistance {unknown}

Dungeon Overview and Level Annotations

Branches:
Dungeon (5/15)              Sewer (visited)
 Temple: D:4-7

Altars:
Fedhas
Nemelex Xobeh
Zin
The Shining One


Message History

You shoot an arrow.
The arrow hits the gnoll sergeant but does no damage.
The gnoll sergeant is lightly wounded.
You shoot an arrow. The arrow hits the gnoll sergeant.
The gnoll sergeant is moderately wounded.
The gnoll sergeant completely misses you.
You shoot an arrow. The arrow hits the gnoll sergeant.
The gnoll sergeant is heavily wounded.
The gnoll sergeant misses you.
You shoot an arrow.
The arrow completely misses the gnoll sergeant.
The gnoll sergeant hits you from afar with a +0 trident!
You shoot an arrow. The arrow hits the gnoll sergeant.
The gnoll sergeant is severely wounded.
The gnoll sergeant closely misses you.
You shoot an arrow.
The arrow closely misses the gnoll sergeant.
The gnoll shouts!
The gnoll sergeant barely misses you.
You shoot an arrow.
The arrow hits the gnoll sergeant but does no damage.
The gnoll sergeant is severely wounded.
The gnoll sergeant hits you from afar with a +0 trident!
You shoot an arrow.
The arrow completely misses the gnoll sergeant.
4201 ||| RIP OSSUARY The walls and floor vibrate strangely for a moment.
The gnoll sergeant hits you from afar with a +0 trident!
4202 ||| PLANNING D:1-11 You shoot an arrow.
The arrow hits the gnoll sergeant.
The gnoll sergeant is severely wounded.
The gnoll sergeant closely misses you.
You shoot an arrow. The arrow hits the gnoll sergeant.
The gnoll sergeant is almost dead.
The gnoll sergeant hits you from afar with a +0 trident!
4204 ||| READING scroll of teleportation.
As you read the scroll of teleportation, it crumbles to dust.
You feel strangely unstable.
The gnoll sergeant hits you from afar with a +0 trident.
You die...

#.......##.............
##############......###
#.###### #####..##
###########.......##
......#............# #
.........####^####.# #
.###.#..# ..... #.#####
# #@.#.......#.##...
#..)...#.......#.##.##
......gg.#..._...^.##.##
..#.#....#.(.....#......
.. .....#.......#......
.. ....#.# ..... #......
.#.###. .#########......
.. .. ................
#. ######'#.######


You could see a gnoll sergeant and a gnoll.

Vanquished Creatures
  2 black bears
  Pargi (Sewer)
  3 scorpions
  A jelly (D:4)
  3 iguanas
  5 gnolls
  9 adders
  2 river rats (D:4)
  A shadow imp (D:4)
  An ufetubus (D:4)
  3 worms
  5 dart slugs
  8 orcs
  6 endoplasms
  8 giant cockroaches
  2 goblins
  2 hobgoblins
  3 jackals (D:1)
  5 kobolds
  4 quokkas
  11 ball pythons
  14 bats
  7 frilled lizards
  5 rats
111 creatures vanquished.

Notes
Turn   | Place    | Note
-------+----------+-------------------------------------------
     0 | D:1      | qw the Deep Elf Hunter began the quest for the Orb.
     0 | D:1      | Reached XP level 1. HP: 12/12 MP: 3/3
     0 | D:1      | 0 ||| qw: Version: 0.3-a-9-g12657ce
     0 | D:1      | 0 ||| qw: Game counter: 4487
     0 | D:1      | 0 ||| qw: Always use a shield: true
     0 | D:1      | 0 ||| qw: God list: Okawaru
     0 | D:1      | 0 ||| qw: Allow faded altars: false
     0 | D:1      | 0 ||| qw: Do Orc after D:15 true
     0 | D:1      | 0 ||| qw: Do second Lair branch before Depths: true
     0 | D:1      | 0 ||| qw: Lair rune preference: random
     0 | D:1      | 0 ||| qw: Plans: Normal
     0 | D:1      | 0 ||| PLANNING D:1-11
    79 | D:1      | Reached XP level 2. HP: 16/16 MP: 4/4
    93 | D:1      | Reached skill level 6 in Ranged Weapons
   343 | D:1      | Reached XP level 3. HP: 20/20 MP: 5/5
   697 | D:1      | 697 ||| READING scroll labelled VYIDUN HUPLU.
   698 | D:1      | 698 ||| READING 2 scrolls labelled JAYRAI KUIJ.
   699 | D:1      | 699 ||| READING 2 scrolls labelled AQO ZEGUROO.
   704 | D:1      | 704 ||| DRINKING 2 coppery potions.
   705 | D:1      | 705 ||| DROPPING scroll of butterflies.
   892 | D:2      | Reached skill level 7 in Ranged Weapons
   996 | D:2      | 996 ||| FLEEEEING.
   997 | D:2      | 997 ||| FLEEEEING.
   998 | D:2      | 998 ||| FLEEEEING.
   999 | D:2      | 999 ||| FLEEEEING.
  1000 | D:2      | 1000 ||| FLEEEEING.
  1001 | D:2      | 1001 ||| FLEEEEING.
  1002 | D:2      | 1002 ||| FLEEEEING.
  1008 | D:2      | 1008 ||| STAIRDANCE
  1026 | D:1      | 1026 ||| READING scroll labelled GEGGIWKAVVI.
  1027 | D:1      | 1027 ||| READING scroll labelled QOEWKY BUMAIVY.
  1127 | D:2      | Reached XP level 4. HP: 17/25 MP: 6/6
  1482 | D:3      | Noticed a black bear
  1494 | D:3      | Killed a black bear
  1495 | D:3      | Reached skill level 8 in Ranged Weapons
  1495 | D:3      | Reached XP level 5. HP: 18/29 MP: 7/7
  1568 | D:3      | Reached skill level 9 in Ranged Weapons
  1610 | D:3      | Found a sparkling altar of Nemelex Xobeh.
  2045 | D:3      | Reached skill level 3 in Dodging
  2202 | D:3      | 2202 ||| UPGRADING to +0 ring mail.
  2212 | D:3      | 2212 ||| DROPPING +0 leather armour.
  2213 | D:3      | 2213 ||| READING 2 scrolls of enchant armour.
  2213 | D:3      | 2213 ||| ENCHANTING +0 ring mail.
  2214 | D:3      | 2214 ||| READING scroll of enchant armour.
  2214 | D:3      | 2214 ||| ENCHANTING +1 ring mail.
  2215 | D:3      | 2215 ||| DRINKING 2 metallic yellow potions.
  2245 | D:3      | 2245 ||| DROPPING potion of lignification.
  2251 | D:4      | 2251 ||| PLANNING SEWER
  2362 | D:4      | Reached XP level 6. HP: 35/35 MP: 8/8
  2505 | D:4      | 2505 ||| READING scroll of enchant armour.
  2505 | D:4      | 2505 ||| ENCHANTING +2 ring mail.
  2576 | D:4      | 2576 ||| Stepping ~*~*~tactically~*~*~ (water).
  2631 | D:4      | 2631 ||| Stepping ~*~*~tactically~*~*~ (water).
  2634 | D:4      | 2634 ||| Stepping ~*~*~tactically~*~*~ (water).
  2653 | D:4      | 2653 ||| Stepping ~*~*~tactically~*~*~ (water).
  2655 | D:4      | 2655 ||| Stepping ~*~*~tactically~*~*~ (water).
  2717 | D:4      | Found a glowing drain.
  2718 | D:4      | 2718 ||| UPGRADING to +5 ring of evasion.
  2722 | Sewer    | Entered a sewer
  2751 | Sewer    | Noticed Pargi
  2765 | Sewer    | Killed Pargi
  2766 | Sewer    | Reached skill level 10 in Ranged Weapons
  2826 | Sewer    | 2826 ||| UPGRADING to +0 pair of gloves.
  2831 | Sewer    | 2831 ||| READING 2 scrolls of identify.
  2831 | Sewer    | 2831 ||| IDENTIFYING clear potion
  2832 | Sewer    | 2832 ||| DROPPING potion of degeneration.
  2833 | Sewer    | 2833 ||| DROPPING potion of berserk rage.
  2854 | D:4      | 2854 ||| PLANNING D:1-11
  2963 | D:4      | Reached skill level 1 in Armour
  2967 | D:4      | 2967 ||| Stepping ~*~*~tactically~*~*~ (outnumbered).
  3015 | D:4      | Reached XP level 7. HP: 40/40 MP: 9/9
  3261 | D:4      | Found a glowing golden altar of the Shining One.
  3431 | D:4      | 3431 ||| UPGRADING to +4 ring of slaying {mikee}.
  3432 | D:4      | 3432 ||| DROPPING ring of ice.
  3433 | D:4      | 3433 ||| DRINKING 2 emerald potions.
  3434 | D:4      | 3434 ||| DROPPING potion of invisibility.
  3445 | D:5      | Entered Level 5 of the Dungeon
  3446 | D:5      | 3446 ||| PLANNING OSSUARY
  3572 | D:5      | Reached skill level 11 in Ranged Weapons
  3604 | D:5      | Found a blossoming altar of Fedhas.
  3694 | D:5      | Found a glowing silver altar of Zin.
  3858 | D:5      | HP: 9/40 [gnoll sergeant/+0 trident (7)]
  3859 | D:5      | 3859 ||| READING 2 scrolls of teleportation.
  3860 | D:5      | HP: 3/40 [gnoll sergeant/+0 trident (6)]
  3863 | D:5      | HP: 1/40 [gnoll sergeant/+0 trident (3)]
  4201 | D:5      | 4201 ||| RIP OSSUARY
  4202 | D:5      | 4202 ||| PLANNING D:1-11
  4203 | D:5      | HP: 4/40 [gnoll sergeant/+0 trident (10)]
  4204 | D:5      | 4204 ||| READING scroll of teleportation.
  4204 | D:5      | Slain by a gnoll sergeant

Levels and vault maps discovered:
D:1:      lightli_arrival_maybe_door_vault, layout_basic,
          kennysheep_another_room, hangedman_decor_peaks_small, minivault_11
D:2:      layout_basic
D:3:      layout_loops_ring, nemelex_dance_club_becter
D:4:      layout_basic, tso_oasis_becter, gup_sewer_entry_spiral,
          minmay_ruptured
D:5:      layout_loops_corners, kennysheep_mini_moat, lemuel_tele_altar,
          nicolae_ossuary_entry_catacombs, amcnicky_mini_rare_corridor_liquid

Skill      XL: |  1  2  3  4  5  6  7 |
---------------+----------------------+-----
Ranged Weapons | 6 7 8 9 10 11 | 11.8
Dodging        | 3 |  3.0
Fighting       | 2 |  2.2
Armour         | 1 |  1.1
Stealth        | |  1.2

Action                     |  1- 3 |  4- 6 |  7- 9 || total
---------------------------+-------+-------+-------++-------
   Fire: Shortbow          |   118 |   199 |    92 ||   409
    Use: Scroll            |     5 |     4 |     2 ||    11
         Potion            |     1 |     1 |     1 ||     3
 Armour: Leather armour    |     8 |     7 |       ||    15
         Ring mail         |       |    26 |     4 ||    30
  Dodge: Dodged            |    17 |    71 |    20 ||   108

Table legend:
 A = Non-vault XP
 B = Vault XP
 C = Vault XP percentage of total XP
 D = Non-vault monster count
 E = Vault monster count
 F = Vault count percentage of total count
                 A         B        C        D         E       F
            +---------+---------+-------+---------+---------+-------
      Total |     986 |     212 |  17.7 |      92 |      19 |  17.1
            +---------+---------+-------+---------+---------+-------
        D:1 |      46 |       0 |   0.0 |      27 |       0 |   0.0
        D:2 |      54 |       0 |   0.0 |      16 |       0 |   0.0
        D:3 |     203 |       5 |   2.4 |      21 |       2 |   8.7
        D:4 |     339 |      68 |  16.7 |      17 |      11 |  39.3
        D:5 |     344 |       0 |   0.0 |      11 |       0 |   0.0
      Sewer |       0 |     139 | 100.0 |       0 |       6 | 100.0
            +---------+---------+-------+---------+---------+-------
